 Dungeon Crawl Stone Soup version 0.20-a0-705-gbe8799e (webtiles) character file.

149 Magnus the Insei (level 4, -10/38 HPs)
             Began as a Demigod Transmuter on Feb 21, 2017.
             Mangled by an ice beast (13 damage)
             ... on level 3 of the Dungeon.
             The game lasted 00:09:48 (4697 turns).

Magnus the Insei (Demigod Transmuter)               Turns: 4697, Time: 00:09:49

Health: -10/38     AC:  3    Str: 13    XL:     4   Next: 83%
Magic:  9/9        EV: 12    Int: 19    God:
Gold:   122        SH:  0    Dex: 16    Spells: 5/6 levels left

rFire    . . .     SeeInvis .     - Unarmed
rCold    . . .     Gourm    .   b - +1 robe
rNeg     . . .     Faith    .   (no shield)
rPois    .         Spirit   .   (no helmet)
rElec    .         Reflect  .   (no cloak)
rCorr    .         Harm     .   (no gloves)
MR       .....                  (no boots)
Stlth    +.........             (no amulet)
Regen    0.2/turn               (no ring)
MPRegen  0.2/turn               (no ring)

@: no status effects
A: high mp 1
a: no special abilities


You were on level 3 of the Dungeon.
You were not hungry.

You visited 1 branch of the dungeon, and saw 3 of its levels.

You collected 122 gold pieces.

Inventory:

Hand Weapons
 j - a +3 mace of holy wrath
 s - a cursed -2 blowgun
Missiles
 a - 57 arrows
 t - 14 poisoned needles
Armour
 b - a +1 robe (worn)
Scrolls
 e - a scroll of remove curse {unknown}
 g - a scroll of teleportation {unknown}
 h - 2 scrolls of identify
 r - a scroll of enchant weapon {unknown}
Potions
 f - 4 potions of mutation
 k - a potion of cancellation {unknown}
 l - 4 potions of curing
 n - 2 potions of berserk rage
 p - 2 potions of might
 q - a potion of heal wounds {unknown}
Books
 c - a book of Changes

   Spells                             Type                      Level
   a - Beastly Appendage              Transmutation                1
   b - Sticks to Snakes               Transmutation                2
   c - Spider Form                    Transmutation/Poison         3
   d - Ice Form                       Ice/Transmutation            4
   e - Blade Hands                    Transmutation                5
Comestibles
 d - a bread ration
 i - 2 royal jellies
 m - a meat ration


   Skills:
 + Level 3.2 Fighting
 - Level 1.7 Dodging
 + Level 4.1 Unarmed Combat
 - Level 1.7 Spellcasting
 - Level 1.7 Transmutations


You had 5 spell levels left.
You knew the following spells:

 Your Spells              Type           Power        Failure   Level  Hunger
a - Beastly Appendage     Tmut           #.....       10%         1    #......


Dungeon Overview and Level Annotations

Branches:
Dungeon (3/15)


Innate Abilities, Weirdness & Mutations

You have an increased reservoir of magic. (+10% MP)


Message History

You barely miss the ice beast. The ice beast hits you.
The ice beast freezes you.
You closely miss the ice beast. The ice beast completely misses you.
You closely miss the ice beast. The ice beast hits you.
The ice beast freezes you!
You hit the ice beast but do no damage.
The ice beast hits you but does no damage.
You hit the ice beast but do no damage. The ice beast closely misses you.
You closely miss the ice beast. The ice beast barely misses you.
You hit the ice beast but do no damage. The ice beast misses you.
You hit the ice beast but do no damage. The ice beast hits you.
The ice beast freezes you!
* * * LOW HITPOINT WARNING * * *
All of the chunks of flesh in your inventory have rotted away.
There is a stone staircase leading up here.
There is a stone staircase leading up here.
The ice beast hits you.
* * * LOW HITPOINT WARNING * * *
The ice beast freezes you!
You die...

..#..####..###.##.#
........#.......#.#
.....##.#......##.#
..#........###....#
..#...#.##.....##.#
.###.....#..##.##.#
..#..............##
...............#.##
...............Y@.#
............####..#
..#..##..#######..#
..#..##...........#
.........#######..#####
.#...##..##...........#
#......###.####.####.#
#..........# #.#
###..###.##.# #.#


You could see an ice beast.

Vanquished Creatures
  An orc priest (D:2)
  3 gnolls (D:3)
  2 adders
  4 oozes
  A worm (D:2)
  A dart slug (D:3)
  3 leopard geckos
  5 orcs
  A bat (D:2)
  A giant cockroach (D:1)
  4 hobgoblins
  A jackal (D:2)
  A frilled lizard (D:1)
  5 goblins
  10 kobolds
  6 rats
49 creatures vanquished.

Notes
Turn   | Place    | Note
-------+----------+-------------------------------------------
     0 | D:1      | Magnus the Demigod Transmuter began the quest for the Orb.
     0 | D:1      | Reached XP level 1. HP: 15/15 MP: 5/5
    99 | D:1      | Reached skill level 1 in Fighting
   460 | D:1      | Reached skill level 3 in Unarmed Combat
   543 | D:1      | Reached XP level 2. HP: 8/23 MP: 7/7
  2010 | D:2      | Reached XP level 3. HP: 16/29 MP: 8/8
  3342 | D:2      | Reached XP level 4. HP: 19/37 MP: 9/9
  3524 | D:2      | HP: 1/37 [orc/mace of holy wrath (3)]
  3950 | D:3      | Reached skill level 4 in Unarmed Combat
  4444 | D:3      | Noticed an ice beast
  4697 | D:3      | Mangled by an ice beast

Vault maps used:
D:1:      lemuel_arrival_lava_pool
D:2:      hangedman_abyss_or_decor_lesser_grid

Skill      XL: |  1  2  3  4 |
---------------+-------------+-----
Fighting       | 1 2 3 |  3.2
Unarmed Combat | 3 4 |  4.1
Dodging        | |  1.7
Spellcasting   | |  1.7
Transmutations | |  1.7

Action                   |  1- 3 |  4- 6 || total
-------------------------+-------+-------++-------
Melee: Unarmed           |   172 |    72 ||   244
       Punch             |     1 |       ||     1
       Mace              |       |    18 ||    18
       Headbutt          |       |     3 ||     3
 Cast: Beastly Appendage |       |     1 ||     1
  Use: Scroll            |    12 |       ||    12
 Stab: Sleeping          |     2 |     1 ||     3
  Eat: Chunk             |     5 |     5 ||    10
       Royal jelly       |     1 |       ||     1
Armor: Robe              |    26 |    13 ||    39
Dodge: Dodged            |    95 |    60 ||   155
